 Dungeon Crawl Stone Soup version 0.28.0-45-g0d030f2227 (webtiles) character file.

Game seed: 1972483810123925569

270 Ablot the Cutter (level 6, -9/44 (53) HPs)
             Began as a Gnoll Chaos Knight on Apr 10, 2022.
             Was a Plaything of Xom.
             Mangled by a wight
             ... wielding a +5 mace
              (10 damage)
             ... on level 3 of the Dungeon.
             The game lasted 00:04:58 (2522 turns).

Ablot the Cutter (Gnoll Chaos Knight)               Turns: 2522, Time: 00:04:59

HP:   -9/44 (53)    AC:  8    Str: 13    XL:     6   Next: 22%
MP:   17/17         EV: 12    Int: 11    God:    Xom [..*...]
Gold: 99            SH:  0    Dex: 12    Spells: 8/8 levels left

rFire   . . .      SeeInvis .   a - +0 short sword (chaos)
rCold   . . .      Faith    .   (no shield)
rNeg    . . .      Spirit   .   b - +2 leather armour
rPois   .          Reflect  .   s - +0 helmet
rElec   .          Harm     .   h - +0 cloak
rCorr   .          Rampage  .   (no gloves)
Will    .....                   (no boots)
Stlth   ++........              w - amulet of regeneration
HPRegen 0.94/turn               m - ring of magical power
MPRegen 0.15/turn               (no ring)

@: heavily drained
A: fangs 1, strong nose, distributed training
a: Renounce Religion


You were on level 3 of the Dungeon.
You worshipped Xom.
You were a toy of Xom.
You visited 1 branch of the dungeon, and saw 4 of its levels.

You collected 99 gold pieces.

Inventory:

Hand Weapons
 a - a +0 short sword of chaos (weapon)
Missiles
 c - 122 stones
 g - 10 poisoned darts
 j - a throwing net
 r - 5 boomerangs (quivered)
 t - 23 arrows
 x - 6 datura-tipped darts
Armour
 b - a +2 leather armour (worn)
 h - a +0 cloak (worn)
 s - a +0 helmet (worn)
Jewellery
 m - a ring of magical power (left hand)
 w - an amulet of regeneration (around neck)
Wands
 f - a wand of flame (5)
Scrolls
 d - 2 scrolls of vulnerability {unknown}
 i - 2 scrolls of noise {unknown}
 l - a scroll of enchant weapon {unknown}
 q - a scroll of immolation {unknown}
 v - a scroll of identify {unknown}
Potions
 e - a potion of mutation {unknown}
 k - a potion of brilliance {unknown}
 n - a potion of haste {unknown}
 o - a potion of heal wounds {unknown}
 p - a potion of cancellation {unknown}
 u - a potion of flight {unknown}


   Skills:
 + Level 6.8 Fighting
 + Level 6.8 Short Blades
 + Level 1.8 Long Blades
 + Level 1.8 Axes
 + Level 1.8 Maces & Flails
 + Level 1.8 Polearms
 + Level 1.8 Staves
 + Level 1.8 Slings
 + Level 1.8 Bows
 + Level 1.8 Crossbows
 + Level 1.8 Throwing
 + Level 4.9 Armour
 + Level 3.2 Dodging
 + Level 1.8 Stealth
 + Level 1.8 Shields
 + Level 1.8 Unarmed Combat
 + Level 1.8 Spellcasting
 + Level 1.4 Conjurations
 + Level 1.4 Hexes
 + Level 1.4 Summonings
 + Level 1.4 Necromancy
 + Level 1.4 Translocations
 + Level 1.4 Transmutations
 + Level 1.4 Fire Magic
 + Level 1.4 Ice Magic
 + Level 1.4 Air Magic
 + Level 1.4 Earth Magic
 + Level 1.4 Poison Magic
 + Level 2.0 Invocations
 + Level 1.8 Evocations


You had 8 spell levels left.
You didn't know any spells.
Your spell library contained the following spells:

 Spells                   Type           Power      Damage    Failure   Level
 Corpse Rot               Necr/Air       8%         N/A       30%         2
 Ensorcelled Hibernation  Hex/Ice        8%         N/A       30%         2
 Poisonous Vapours        Pois/Air       8%         N/A       30%         2
 Frozen Ramparts          Ice            8%         1d2       52%         3
 Summon Guardian Golem    Hex/Summ       4%         N/A       52%         3
 Hailstorm                Conj/Ice       4%         3d4       89%         4
 Summon Forest            Summ/Tloc      2%         N/A       99%         5


Dungeon Overview and Level Annotations

Branches:
Dungeon (4/15)
 Temple: D:4-7

Altars:
Gozag
Xom


Innate Abilities, Weirdness & Mutations

You have very sharp teeth.
Your uncanny sense of smell can sniff out nearby items.
Your experience applies equally to all skills.


Message History

Some rock shatters into small pieces.
The adder misses you.
You see here a +0 leather armour.
The kobold zaps a wand.
You hear a grinding noise.
You hit the wight but do no damage. The wight misses you.
You hit the wight but do no damage. Your bite misses the wight.
The wight hits you with a +5 mace.
You feel drained.
You barely miss the wight.
You hear a zap.
You hear a grinding noise.
You hit the wight but do no damage. You punch the wight, but do no damage.
The wight hits you but does no damage.
You hit the wight.
The wight is lightly damaged.
The wight barely misses you.
You closely miss the wight.
The wight is lightly damaged.
The wight misses you.
You hit the wight but do no damage.
The wight seems to speed up.
The wight is lightly damaged.
The wight closely misses you.
You barely miss the kobold. The wight hits you with a +5 mace.
You feel drained. The kobold hits you but does no damage.
You hit the kobold.
You kill the kobold!
The wight hits you with a +5 mace!
You feel drained.
* * * LOW HITPOINT WARNING * * *
You barely miss the wight. You punch the wight, but do no damage.
Your bite misses the wight. The wight hits you with a +5 mace.
* * * LOW HITPOINT WARNING * * *
You hit the wight.
The wight easily resists.
The wight is lightly damaged.
The wight closely misses you.
You closely miss the wight.
The wight is lightly damaged.
The wight hits you with a +5 mace!
* * * LOW HITPOINT WARNING * * *
The wight hits you with a +5 mace!
You die...
Xom titters!

##.# ##### #.##.# ##.#
#...####.##.# ##.# #.#.........#
##.######........#### #
##.......†...###...# .#
##########...# ###.#..# #
#.#######...# # #.# #Sz#...#####
# #.###[#@.......# #
#.##zS#)..[###.#########
##########.#.#...#...............
...........##...#...###.#########
##########.##..#....# #.#
#.##).[#...###<#
#..)[>......##.#########
#........##...............
########.##...##.#########


You could see a wight (fast) and an adder.

Vanquished Creatures
  A centaur (D:3)
  2 jellies (D:3)
  2 orc wizards
  An adder (D:2)
  2 worms (D:3)
  3 dart slugs
  6 orcs
  3 endoplasms (D:3)
  2 giant cockroaches
  7 goblins
  5 hobgoblins
  4 jackals (D:1)
  A quokka (D:1)
  4 ball pythons
  5 bats
  3 kobolds
  3 rats
54 creatures vanquished.

Notes
Turn   | Place    | Note
-------+----------+-------------------------------------------
     0 | D:1      | Ablot the Gnoll Chaos Knight began the quest for the Orb.
     0 | D:1      | Reached XP level 1. HP: 23/23 MP: 1/1
    41 | D:1      | XOM: silly message
    73 | D:1      | XOM: divination: detect creatures
   153 | D:1      | XOM: god gift: silver wand {god gift}
   161 | D:1      | Reached XP level 2. HP: 29/29 MP: 2/2
   182 | D:1      | Found a faded altar of an unknown god.
   232 | D:1      | XOM: scenery: create altars
   891 | D:2      | Reached XP level 3. HP: 35/35 MP: 3/3
   939 | D:2      | XOM: snakes to sticks
   974 | D:2      | Got the Handbook of the Frostbite and Summoning
   997 | D:2      | Reached skill level 1 in Invocations
  1092 | D:2      | XOM: cloud trail
  1303 | D:3      | Found an opulent altar of Gozag.
  1324 | D:3      | Reached skill level 1 in Long Blades
  1324 | D:3      | Reached skill level 1 in Axes
  1324 | D:3      | Reached skill level 1 in Maces & Flails
  1324 | D:3      | Reached skill level 1 in Polearms
  1324 | D:3      | Reached skill level 1 in Staves
  1324 | D:3      | Reached skill level 1 in Slings
  1324 | D:3      | Reached skill level 1 in Bows
  1324 | D:3      | Reached skill level 1 in Crossbows
  1324 | D:3      | Reached skill level 1 in Throwing
  1324 | D:3      | Reached skill level 1 in Stealth
  1324 | D:3      | Reached skill level 1 in Shields
  1324 | D:3      | Reached skill level 1 in Unarmed Combat
  1324 | D:3      | Reached skill level 1 in Spellcasting
  1324 | D:3      | Reached skill level 1 in Evocations
  1324 | D:3      | Reached XP level 4. HP: 27/41 MP: 5/5
  1467 | D:1      | Reached skill level 1 in Conjurations
  1467 | D:1      | Reached skill level 1 in Hexes
  1467 | D:1      | Reached skill level 1 in Summonings
  1467 | D:1      | Reached skill level 1 in Necromancy
  1467 | D:1      | Reached skill level 1 in Translocations
  1467 | D:1      | Reached skill level 1 in Transmutations
  1467 | D:1      | Reached skill level 1 in Fire Magic
  1467 | D:1      | Reached skill level 1 in Ice Magic
  1467 | D:1      | Reached skill level 1 in Air Magic
  1467 | D:1      | Reached skill level 1 in Earth Magic
  1467 | D:1      | Reached skill level 1 in Poison Magic
  1652 | D:2      | Reached XP level 5. HP: 26/47 MP: 7/7
  1782 | D:2      | XOM: scenery: 1 doors close
  1818 | D:3      | Noticed a centaur
  1830 | D:3      | Killed a centaur
  2145 | D:3      | Reached XP level 6. HP: 52/53 MP: 8/8
  2336 | D:3      | XOM: god gift: 6 datura-tipped darts
  2398 | D:4      | XOM: noise
  2421 | D:4      | XOM: cast spell 'Summon Mana Viper'
  2522 | D:3      | HP: 1/44 [wight/+5 mace (9)]
  2522 | D:3      | Mangled by a wight

Illustrated notes

Levels and vault maps discovered:
D:1:      minmay_arrival_shattered_statue, layout_basic,
          shapermc_ecumenical_altar_petra
D:2:      layout_rooms, kennysheep_generic_room_13
D:3:      layout_loops_ring, nicolae_gozag_cash_rules_everything_around_me,
          minmay_misc_feat_square, corner_web_ring
D:4:      layout_loops_ring

Skill      XL: |  1  2  3  4  5  6 |
---------------+-------------------+-----
Invocations    | 1 2 |  2.0
Long Blades    | 1 |  1.8
Axes           | 1 |  1.8
Maces & Flails | 1 |  1.8
Polearms       | 1 |  1.8
Staves         | 1 |  1.8
Slings         | 1 |  1.8
Bows           | 1 |  1.8
Crossbows      | 1 |  1.8
Throwing       | 1 |  1.8
Stealth        | 1 |  1.8
Shields        | 1 |  1.8
Unarmed Combat | 1 |  1.8
Spellcasting   | 1 |  1.8
Evocations     | 1 |  1.8
Conjurations   | 1 |  1.4
Hexes          | 1 |  1.4
Summonings     | 1 |  1.4
Necromancy     | 1 |  1.4
Translocations | 1 |  1.4
Transmutations | 1 |  1.4
Fire Magic     | 1 |  1.4
Ice Magic      | 1 |  1.4
Air Magic      | 1 |  1.4
Earth Magic    | 1 |  1.4
Poison Magic   | 1 |  1.4
Dodging        | 3 |  3.2
Fighting       | |  6.8
Short Blades   | |  6.8
Armour         | |  4.9

Action                   |  1- 3 |  4- 6 || total
-------------------------+-------+-------++-------
Melee: Short sword       |    76 |   107 ||   183
       Bite              |     5 |    14 ||    19
       Punch             |     1 |     2 ||     3
Throw: Boomerang         |     2 |       ||     2
 Stab: Paralysed         |     1 |       ||     1
       Sleeping          |       |     1 ||     1
Armor: Leather armour    |    36 |    48 ||    84
Dodge: Dodged            |    40 |    86 ||   126
